 Dungeon Crawl Stone Soup version 0.32-a0-702-gc29ba85809 (webtiles) character file.

Game seed: 8231125507104651243

144 Bamboolord the Digger (level 5, -2/41 HPs)
             Began as a Mountain Dwarf Earth Elementalist on Mar 9, 2024.
             Slain by a gnoll
             ... wielding a +0 halberd
              (9 damage)
             ... on level 3 of the Dungeon on Mar 14, 2024.
             The game lasted 00:04:47 (1803 turns).

Bamboolord the Digger (MDEE)                        Turns: 1803, Time: 00:04:47

Health: -2/41      AC:  5    Str: 11    XL:     5   Next: 5%
Magic:  1/9        EV:  9    Int: 17    God:
Gold:   115        SH:  5    Dex: 10    Spells: 8/9 levels left

rFire   . . .        g - +0 dagger
rCold   . . .        (no shield)
rNeg    . . .        h - +0 ring mail
rPois   .            (no helmet)
rElec   .            (no cloak)
rCorr   .            (no gloves)
SInv    .            (no boots)
Will    .....        c - amulet of reflection
Stlth   +            (no ring)
HPRegen 0.26/turn    (no ring)
MPRegen 0.11/turn

%: reflection
@: no status effects
A: runic magic, artefact enchanting
a: no special abilities


You were on level 3 of the Dungeon.
You visited 1 branch of the dungeon, and saw 3 of its levels.

You collected 115 gold pieces.

Inventory:

Hand Weapons
 g - a +0 dagger (weapon)
Armour
 h - a +0 ring mail (worn)
Jewellery
 c - an amulet of reflection (around neck)
Scrolls
 a - a scroll of enchant armour
 d - 2 scrolls of enchant weapon
 f - 2 scrolls of teleportation
 i - a scroll of silence {unknown}
 j - 4 scrolls of revelation
 k - a scroll of summoning {unknown}
 l - a scroll of blinking {unknown}
 m - a scroll of acquirement {unknown}
 n - 2 scrolls of amnesia {unknown}
 s - 2 scrolls of identify
 t - a scroll of noise {unknown}
Potions
 b - 2 potions of magic
 e - a potion of curing {unknown}
 o - a potion of heal wounds {unknown}
 p - 2 potions of ambrosia {unknown}
 q - 2 potions of cancellation {unknown}
 r - a potion of might {unknown}


   Skills:
 + Level 1.7 Fighting
 + Level 1.6 Armour
 - Level 1.3 Dodging
 - Level 1.4 Stealth
 * Level 2.9 Spellcasting
 * Level 2.3 Conjurations
 + Level 3.7 Earth Magic


You had 8 spell levels left.
You knew the following spells:

 Your Spells              Type           Power      Damage    Failure   Level
a - Sandblast             Erth           30%        2d9       4%          1

Your spell library contained the following spells:

 Spells                   Type           Power      Damage    Failure   Level
 Passwall                 Erth           15%        N/A       14%         3
 Stone Arrow              Conj/Erth      24%        3d8       19%         3
 Brom's Barrelling Bould  Conj/Erth      12%        2d4       52%         4
 Petrify                  Alch/Erth      8%         N/A       69%         4


Dungeon Overview and Level Annotations

Branches:
Dungeon (3/15)

Altars:


Innate Abilities, Weirdness & Mutations

Your spellcasting is much less encumbered by armour.
You can use scrolls of enchantment on lesser artefacts.


Message History

Found a stone staircase leading down.
Found a robe.
Found a leather armour.
Found an escape hatch in the floor.
Found 4 large rocks.
You see here a staff of death.
There is an escape hatch in the floor here. 3 gnolls come into view.
The gnoll shouts! x2
A gnoll comes into view. It is wielding a +0 halberd.
The gnoll shouts!
The blast of sand hits the gnoll!
The gnoll is severely wounded.
The blast of sand hits the gnoll.
You kill the gnoll!
The gnoll hits you with a +0 flail.
The blast of sand hits the gnoll!
The gnoll is almost dead.
You block the gnoll's attack.
The blast of sand misses the gnoll.
The blast of sand hits the gnoll!
The gnoll is severely wounded.
The gnoll hits you with a +0 flail! You block the gnoll's attack.
The blast of sand hits the gnoll.
You kill the gnoll!
The blast of sand hits the gnoll.
You kill the gnoll!
The gnoll hits you from afar with a +0 halberd! x2
* * * LOW HITPOINT WARNING * * *
You have reached level 5!
Aiming: Sandblast (safe; 4% risk of failure)
Press: ? - help, Q - select action Shift-Dir - straight line, f - gnoll
Aim: a gnoll, wielding a +0 halberd (84% to hit)
The blast of sand hits the gnoll!
The gnoll is severely wounded.
The gnoll hits you but does no damage.
Aiming: Sandblast (safe; 4% risk of failure)
Press: ? - help, Q - select action Shift-Dir - straight line, f/p - gnoll
Aim: a gnoll, wielding a +0 halberd (severely wounded, 84% to hit)
The blast of sand misses the gnoll.
The gnoll hits you from afar with a +0 halberd!
You die...

.. #.# #.# #.# #.#
### #.#...
#..#####.#.#####
#..##...........
#..##.##@#.###.
#..##.##)#
#(.##.##g#
#...#.##.#
#..##.##.#
#|>...##.#
#########..#####.#
..[........# #.#
......[....#


You could see a gnoll.

Vanquished Creatures
  Jessica (D:2)
  3 gnolls (D:3)
  3 adders (D:2)
  2 dart slugs (D:1)
  2 ribbon worms (D:2)
  6 ball pythons
  7 bats
  2 endoplasms (D:1)
  4 giant cockroaches
  6 goblins
  3 hobgoblins (D:2)
  4 jackals (D:2)
  5 quokkas
  A frilled lizard (D:1)
  A kobold (D:2)
  3 rats
53 creatures vanquished.

Notes
Turn   | Place    | Note
-------+----------+-------------------------------------------
     0 | D:1      | Bamboolord the Mountain Dwarf Earth Elementalist began the
                  | quest for the Orb.
     0 | D:1      | Reached XP level 1. HP: 14/14 MP: 3/3
     5 | D:1      | Upgraded the game from 0.32-a0-660-g97ce250973 to
                  | 0.32-a0-702-gc29ba85809
    33 | D:1      | Reached skill level 1 in Conjurations
   170 | D:1      | Reached XP level 2. HP: 22/22 MP: 3/5
   360 | D:1      | Found a faded altar of an unknown god.
   530 | D:1      | Reached skill level 1 in Armour
   802 | D:2      | Reached XP level 3. HP: 22/27 MP: 1/6
   805 | D:2      | Reached skill level 1 in Fighting
   851 | D:2      | Noticed Jessica
   862 | D:2      | Killed Jessica
   863 | D:2      | Reached XP level 4. HP: 18/35 MP: 0/7
  1802 | D:3      | Reached XP level 5. HP: 6/41 MP: 3/9
  1803 | D:3      | Slain by a gnoll

Illustrated notes

Levels and vault maps discovered:
D:1:      saegor_arrival_simple_a, layout_rooms,
          dreamdust_ecumenical_altar_hidden_monk_grotto
D:2:      layout_basic, kennysheep_jessica_study
D:3:      layout_basic, nicolae_ashenzari_skybound,
          chequers_serial_rivers_large_a

Skill      XL: |  1  2  3  4 |
---------------+-------------+-----
Conjurations   | 1 2 |  2.3
Spellcasting   | 2 |  2.9
Armour         | 1 |  1.6
Fighting       | 1 |  1.7
Dodging        | |  1.3
Stealth        | |  1.4
Earth Magic    | |  3.7

Action                     |  1- 3 |  4- 6 || total
---------------------------+-------+-------++-------
  Melee: Unarmed           |     2 |       ||     2
         Dagger            |    32 |    34 ||    66
   Cast: Sandblast         |    38 |    41 ||    79
    Use: Scroll            |     4 |     1 ||     5
 Armour: Robe              |     4 |       ||     4
         Ring mail         |    18 |    34 ||    52
  Dodge: Dodged            |    18 |    19 ||    37
  Block: Other             |    10 |     8 ||    18

Table legend: (Time is in decaauts)
 A = Elapsed time spent in this place.
 B = Non-inter-level travel time spent in this place.
 C = Inter-level travel time spent in this place.
 D = Time resting spent in this place.
 E = Time spent auto-exploring this place.
 F = Levels seen in this place.
 G = Mean time per level.
                   A        B        C        D        E       F      G
               +--------+--------+--------+--------+--------+-----+--------+
         Total |   1841 |   1737 |    104 |     90 |   1238 |   3 |  613.7 |
       Dungeon |   1841 |   1737 |    104 |     90 |   1238 |   3 |  613.7 |
               +--------+--------+--------+--------+--------+-----+--------+

Top non-repeatable levels by time:
     D:2: 1077 daAuts
     D:1: 714 daAuts
     D:3: 49 daAuts
